 Dungeon Crawl Stone Soup version 0.22-a0-110-g5b255cf (webtiles) character file.

639 theanonym the Chiller (level 7, 30/50 HPs)
             Began as a Green Draconian Ice Elementalist on Jan 27, 2018.
             Quit the game on level 7 of the Dungeon.
             The game lasted 00:10:31 (5057 turns).

theanonym the Chiller (DrIE)                        Turns: 5057, Time: 00:10:32

Health: 30/50      AC:  6    Str: 10    XL:     7   Next: 26%
Magic:  11/11      EV: 12    Int: 17    God:
Gold:   314        SH:  0    Dex: 12    Spells: 2/12 levels left

rFire    . . .     SeeInvis .   c - +0 dagger
rCold    . . .     Gourm    .   (no shield)
rNeg     . . .     Faith    .   (armour unavailable)
rPois    +         Spirit   .   (helmet restricted)
rElec    .         Reflect  .   (no cloak)
rCorr    .         Harm     .   (no gloves)
MR       .....                  (no boots)
Stlth    ++........             (no amulet)
HPRegen  0.16/turn              (no ring)
MPRegen  0.12/turn              (no ring)

@: no status effects
A: breathe noxious fumes, unfitting armour, poison resistance, cold-blooded, AC
+6
a: Breathe Noxious Fumes


Innate Abilities, Weirdness & Mutations

You can breathe blasts of noxious fumes.
Your lurid green scales are hard. (AC +6)
You cannot fit into any form of body armour.
Your system is resistant to poisons. (rPois)
You are cold-blooded and may be slowed by cold attacks.


   Skills:
 - Level 1.7 Dodging
 - Level 1.7 Stealth
 - Level 3.0 Spellcasting
 + Level 5.0 Conjurations
 + Level 0.0 Charms
 + Level 6.2 Ice Magic


You had 2 spell levels left.
You knew the following spells:

 Your Spells              Type           Power        Failure   Level  Hunger
a - Freeze                Ice            ###.         1%          1    None
b - Throw Frost           Conj/Ice       ###...       2%          2    ##.....
c - Throw Icicle          Conj/Ice       ###.....     17%         4    ####...
g - Ozocubu's Armour      Chrm/Ice       ##......     14%         3    ###....

Skill      XL: |  1  2  3  4  5  6  7 |
---------------+----------------------+-----
Conjurations   | 2 3 4 5 |  5.0
Ice Magic      | 4 5 6 |  6.2
Spellcasting   | 3 |  3.0
Dodging        | |  1.7
Stealth        | |  1.7

Action                   |  1- 3 |  4- 6 |  7- 9 || total
-------------------------+-------+-------+-------++-------
Melee: Dagger            |    89 |    82 |    14 ||   185
       Tailslap          |     3 |     9 |     4 ||    16
 Cast: Freeze            |    34 |    40 |     8 ||    82
       Throw Frost       |     5 |    40 |     2 ||    47
       Ozocubu's Armour  |       |     2 |     1 ||     3
 Abil: Breathe Noxious F |       |       |     1 ||     1
  Use: Potion            |       |     2 |       ||     2
       Scroll            |       |    11 |       ||    11
 Stab: Sleeping          |     5 |     2 |       ||     7
       Confused          |       |       |     2 ||     2
  Eat: Chunk             |     3 |     7 |       ||    10
       Ration            |       |     2 |       ||     2
Armor: Skin              |    41 |    42 |     2 ||    85
Dodge: Dodged            |    74 |    81 |    16 ||   171

Inventory:

Hand Weapons
 c - a +0 dagger (weapon)
   (You took it off a goblin on level 1 of the Dungeon)
Wands
 h - a wand of enslavement (13)
   (You found it on level 3 of the Dungeon)
Scrolls
 f - 2 scrolls of fog
 g - a scroll of remove curse
 y - a scroll of magic mapping
Potions
 b - a potion of heal wounds {unknown}
 l - a potion of magic
 m - a potion of flight
 n - a potion of resistance {rF+ rC+}
 o - a potion of invisibility
 s - a potion of brilliance {unknown}
 w - a potion of curing
Books
 a - a book of Frost
Comestibles
 d - 3 chunks of flesh
 e - 5 rations


You were on level 7 of the Dungeon.
You were not hungry.

You visited 1 branch of the dungeon, and saw 7 of its levels.

You collected 314 gold pieces.

Dungeon Overview and Level Annotations

Branches:
Dungeon (8/15)
 Temple: D:4-7         Lair: D:8-11

Altars:
Ashenzari
Sif Muna

######### #r.r.rY.#
#Y#####.# #.@.# #.#
###Z# #r# .# #.# ....
.# #Y####.#.
....#########........
.......(..........Y..
........#...#####....
.......#...# .##
####....#...# #


You could see a yak, a quokka and a bullfrog skeleton.

Notes
Turn   | Place    | Note
-------+----------+-------------------------------------------
     0 | D:1      | theanonym the Draconian Ice Elementalist began the quest for the Orb.
     0 | D:1      | Reached XP level 1. HP: 14/14 MP: 3/3
   224 | D:1      | HP: 5/14 [kobold/dagger (4)]
   447 | D:1      | Reached XP level 2. HP: 19/20 MP: 1/5
   451 | D:1      | Learned a level 2 spell: Throw Frost
  1028 | D:1      | Reached XP level 3. HP: 22/26 MP: 4/6
  1033 | D:1      | Learned a level 3 spell: Ozocubu's Armour
  1381 | D:2      | Noticed Natasha
  1429 | D:2      | Killed Natasha
  1429 | D:2      | Reached skill level 2 in Conjurations
  1429 | D:2      | Reached skill level 4 in Ice Magic
  1649 | D:2      | Reached XP level 4. HP: 31/33 MP: 0/7
  2192 | D:2      | Noticed Natasha
  2195 | D:2      | Killed Natasha
  2265 | D:2      | Noticed Natasha
  2272 | D:2      | Killed Natasha
  2272 | D:2      | Reached XP level 5. HP: 27/38 MP: 1/9
  2632 | D:3      | Reached skill level 3 in Spellcasting
  2638 | D:3      | Learned a level 4 spell: Throw Icicle
  2983 | D:3      | Found a faded altar of an unknown god.
  3203 | D:3      | Found a shattered altar of Ashenzari.
  3590 | D:3      | Reached skill level 3 in Conjurations
  4063 | D:4      | Reached skill level 5 in Ice Magic
  4063 | D:4      | Reached XP level 6. HP: 41/45 MP: 0/10
  4343 | D:4      | Noticed Sigmund
  4357 | D:4      | Killed Sigmund
  4357 | D:4      | Reached skill level 4 in Conjurations
  4494 | D:4      | Found a deep blue altar of Sif Muna.
  4597 | D:4      | Your scales start taking on a lurid green colour.
  4597 | D:4      | Reached XP level 7. HP: 43/50 MP: 1/11
  4597 | D:4      | Gained mutation: Your system is resistant to poisons. (rPois) [Green Draconian growth]
  4601 | D:4      | Reached skill level 6 in Ice Magic
  4852 | D:4      | Noticed Edmund
  4879 | D:4      | Killed Edmund
  4879 | D:4      | Reached skill level 5 in Conjurations
  5018 | D:5      | Entered Level 5 of the Dungeon
  5019 | D:5      | You fall through a shaft for 3 floors!
  5024 | D:8      | Noticed a yak
  5024 | D:8      | Noticed a yak
  5027 | D:8      | Noticed a yak
  5057 | D:7      | Quit the game

Vanquished Creatures
  Sigmund (D:4)
  Edmund (D:4)
  2 scorpions (D:4)
  An orc priest (D:4)
  Natasha (thrice) (D:2)
  2 worker ants (D:4)
  4 adders
  6 worms
  A leopard gecko (D:1)
  3 orcs (D:4)
  3 ball pythons
  3 giant cockroaches
  8 goblins
  5 hobgoblins
  3 jackals (D:1)
  8 kobolds
  3 quokkas
  8 bats
  3 frilled lizards
  9 rats
77 creatures vanquished.

Table legend:
 A = Turns spent in this place as a percentage of turns spent in the entire game.
 B = Non-inter-level travel turns spent in this place as a percentage of non-inter-level travel turns spent in the entire game.
 C = Inter-level travel turns spent in this place as a percentage of turns spent in this place.
 D = Turns resting spent in this place as a percentage of non-inter-level travel turns spent in this place.
 E = Turns spent auto-exploring this place as a percentage of non-inter-level travel turns spent in this place.
 F = Non-inter-level travel turns spent in this place divided by the number of levels of this place that you've seen.
                   A       B       C       D       E      F
               +-------+-------+-------+-------+-------+----------------------
         Total | 100.0 | 100.0 |   3.5 |  34.3 |  50.7 | 697.1
       Dungeon | 100.0 | 100.0 |   3.5 |  34.3 |  50.7 | 697.1
               +-------+-------+-------+-------+-------+----------------------
